[Event "Titled Tuesday Blitz March 29 Late 2022"]
[White "Zhukov, Maksim"]
[Black "Pakleza, Zbigniew"]
[WhiteFideId "34181790"]
[BlackFideId "1119290"]
[WhiteElo "1978"]
[BlackElo "2467"]
[Result "0-1"]
[Round "03"]
[TimeControl "180+1"]
[Date "2022.03.30"]
[WhiteClock "0:00:20"]
[BlackClock "0:00:47"]

1. d4 d6 2. Nf3 Bg4 3. g3 Bxf3 4. exf3 e6 5. Bg2 c6 6. O-O Nd7 7. f4 Ne7 8. c4 d5 9. b3 g6 10. Nd2 Bg7 11. Nf3 O-O 12. Bb2 a5 13. Ne5 Re8 14. Re1 Nf6 15. Qe2 Qb6 16. Rac1 a4 17. g4 axb3 18. axb3 Qxb3 19. Rc3 Qb4 20. Nd3 Qb6 21. Nc5 Qc7 22. Qf3 Ra2 23. Nd3 dxc4 24. Rxc4 Nfd5 25. Bc1 b5 26. Rc5 Bxd4 0-1


[Site "https://www.chess.com"]

[Event "Titled Tuesday Blitz March 29 Late 2022"]
[White "Zivkovic, Nemanja"]
[Black "Petrova, Irina"]
[WhiteFideId "942154"]
[BlackFideId "14124122"]
[WhiteElo "2388"]
[BlackElo "1993"]
[Result "1/2-1/2"]
[Round "03"]
[TimeControl "180+1"]
[Date "2022.03.30"]
[WhiteClock "0:00:17"]
[BlackClock "0:00:06"]

1. e4 d6 2. d4 Nf6 3. Nc3 e5 4. Nf3 Nbd7 5. Bc4 Be7 6. O-O O-O 7. Re1 c6 8. a4 h6 9. h3 Re8 10. Ba2 Bf8 11. dxe5 Nxe5 12. Nd4 Qc7 13. a5 Bd7 14. Be3 b5 15. axb6 axb6 16. f4 Ng6 17. Qf3 b5 18. b4 Ra3 19. Bb3 Rxa1 20. Rxa1 c5 21. Ndxb5 Bxb5 22. Nxb5 Qb7 23. Ra7 Qxb5 24. Bxf7+ Kh7 25. Bxe8 Nxe8 26. bxc5 dxc5 27. e5 Qb1+ 28. Kh2 Qxc2 29. Ra8 Nc7 30. Rc8 Ne6 31. f5 Nxe5 32. Qf1 Bd6 33. Kh1 Ng5 34. Bxg5 hxg5 35. f6 gxf6 36. Rd8 Qd2 37. Kg1 c4 38. Qf5+ Kg7 39. Ra8 Qd1+ 40. Kf2 Nd3+ 41. Ke3 Bc5+ 42. Ke4 Qe2+ 43. Kd5 Qe5+ 44. Qxe5 fxe5 45. Kxc4 e4 46. Re8 Bf8 47. Rxe4 Nf4 48. g3 Nxh3 49. Kd5 Kg6 50. Re2 Ng1 51. Rf2 Bg7 52. Ke4 Nh3 53. Rh2 g4 54. Rc2 Bf6 55. Rc6 Ng5+ 56. Kf4 Nf7 57. Kxg4 Ne5+ 58. Kf4 Nxc6 59. g4 Ne5 60. g5 Bg7 61. Ke4 Nf7 62. Kd5 Nxg5 63. Kc4 Kf5 64. Kd5 Ne6 65. Kd6 Be5+ 66. Kd5 Nf4+ 67. Kc5 Ke6 68. Kc6 Bd6 69. Kb7 Kd7 70. Kb6 Be5 71. Kb7 Nd5 72. Ka8 Kc7 73. Ka7 Nb6 74. Ka6 Kc6 75. Ka7 Bd4 76. Ka6 Nc8 77. Ka5 Nd6 78. Ka6 Nb7 1/2-1/2


[Site "https://www.chess.com"]

[Event "Titled Tuesday Blitz March 29 Late 2022"]
[White "Aldokhin, Ivan"]
[Black "Hoffmann, Asa"]
[WhiteFideId "24115720"]
[BlackFideId "2001470"]
[WhiteElo "2231"]
[BlackElo "2117"]
[Result "1-0"]
[Round "04"]
[TimeControl "180+1"]
[Date "2022.03.30"]
[WhiteClock "0:00:53"]
[BlackClock "0:00:47"]

1. e4 d6 2. Nc3 c6 3. d4 Nf6 4. Bg5 Nbd7 5. f4 Qa5 6. Bd3 e5 7. Nf3 Be7 8. Qd2 h6 9. Bh4 exf4 10. O-O-O g5 11. Bf2 Nb6 12. Kb1 Bg4 13. h4 Bxf3 14. gxf3 Nh5 15. hxg5 Qxg5 16. d5 c5 17. e5 O-O-O 18. exd6 Bxd6 19. Ne4 Qe5 20. Qa5 Kb8 21. Rhe1 Qxd5 22. Nc3 Qc6 23. Be4 Qc8 24. Nb5 a6 25. Nxd6 Qc7 26. Nxb7 Rxd1+ 27. Rxd1 Ng3 28. Nxc5 1-0


[Site "https://www.chess.com"]

[Event "Titled Tuesday Blitz March 29 Late 2022"]
[White "Al-Tarboush, Ward"]
[Black "Sjugirov, Sanan"]
[WhiteFideId "7601450"]
[BlackFideId "4189302"]
[WhiteElo "2276"]
[BlackElo "2602"]
[Result "0-1"]
[Round "04"]
[TimeControl "180+1"]
[Date "2022.03.29"]
[WhiteClock "0:01:10"]
[BlackClock "0:01:25"]

1. e4 c5 2. Nf3 d6 3. d4 cxd4 4. Nxd4 Nf6 5. Nc3 a6 6. h3 e5 7. Nde2 b5 8. g4 Bb7 9. Bg2 h6 10. O-O Be7 11. Ng3 g6 12. Be3 Nbd7 13. Qd2 h5 14. g5 Nh7 15. h4 Nhf8 16. Nd5 Rc8 17. f4 Bxd5 18. exd5 exf4 19. Rxf4 Ne5 20. Raf1 Nfd7 21. Qe2 Rc4 22. Be4 Qc8 23. b3 Rc3 24. Qf2 Nc5 25. Bd4 Nxe4 26. Nxe4 Rxc2 27. Qg3 O-O 28. Nf6+ Bxf6 29. gxf6 Ng4 30. Re4 Re8 31. Re7 Rf8 32. Qxd6 Ne5 33. Bxe5 Qh3 34. Rf2 Rc1+ 0-1


[Site "https://www.chess.com"]

[Event "Titled Tuesday Blitz March 29 Late 2022"]
[White "Andreikin, Dmitry"]
[Black "Dreev, Aleksey"]
[WhiteFideId "4158814"]
[BlackFideId "4100107"]
[WhiteElo "2736"]
[BlackElo "2625"]
[Result "1/2-1/2"]
[Round "04"]
[TimeControl "180+1"]
[Date "2022.03.29"]
[WhiteClock "0:01:28"]
[BlackClock "0:00:55"]

1. d4 d5 2. c4 c6 3. Nf3 Nf6 4. b3 Bf5 5. Bb2 e6 6. Nbd2 h6 7. g3 Nbd7 8. Bg2 Bd6 9. O-O O-O 10. Ne5 Qe7 11. a3 Rfd8 12. Re1 a5 13. Nxd7 Rxd7 14. e4 dxe4 15. Nxe4 Bxe4 16. Bxe4 Bc5 17. d5 Nxe4 18. Rxe4 cxd5 19. cxd5 Rxd5 20. Qxd5 exd5 21. Rxe7 Bxe7 22. Rc1 b5 23. Rc7 Bf8 24. Rd7 Rc8 25. Rxd5 Rc2 26. Be5 Bc5 27. Bd4 Bxd4 28. Rxd4 Rc3 29. Rd8+ Kh7 30. Ra8 a4 31. bxa4 Rxa3 1/2-1/2


[Site "https://www.chess.com"]

[Event "Titled Tuesday Blitz March 29 Late 2022"]
[White "Aravindh, Chithambaram VR."]
[Black "Harshavardhan G B"]
[WhiteFideId "5072786"]
[BlackFideId "25059009"]
[WhiteElo "2561"]
[BlackElo "1831"]
[Result "1-0"]
[Round "04"]
[TimeControl "180+1"]
[Date "2022.03.29"]
[WhiteClock "0:00:06"]
[BlackClock "0:00:10"]

1. b3 e5 2. Bb2 Nc6 3. e3 g6 4. c4 Bg7 5. Nc3 Nge7 6. Nf3 d6 7. Be2 O-O 8. d4 exd4 9. exd4 Nf5 10. Nd5 Be6 11. Ne3 Re8 12. O-O Nxe3 13. fxe3 Bf5 14. Bc1 Bh6 15. d5 Ne5 16. Nd4 Be4 17. Rf4 f5 18. Ne6 Qe7 19. Bb2 c6 20. Qd4 cxd5 21. cxd5 Bxd5 22. Nc7 Qxc7 23. Qxd5+ Qf7 24. Qd2 d5 25. Rd1 Rad8 26. h3 Re7 27. Qd4 Rde8 28. Qxd5 Qxd5 29. Rxd5 Nf7 30. Bc4 Bxf4 31. exf4 a6 32. a4 Kf8 33. Ba3 Kg7 34. Bxe7 Rxe7 35. a5 Rc7 36. Kf2 Kf6 37. Ke3 Ke7 38. Kd4 Nd6 39. Re5+ Kd7 40. Be6+ Kd8 41. Rd5 Ke7 42. Bg8 Ne8 43. Re5+ Kd8 44. g4 Nf6 45. Be6 fxg4 46. hxg4 Rc1 47. g5 Nh5 48. f5 gxf5 49. Bxf5 Rc7 50. Bg4 Nf4 51. Bf3 Rd7+ 52. Ke4 Ng6 53. Re6 Re7 54. Rxe7 Kxe7 55. Kd4 Nf4 56. Bxb7 Ne6+ 57. Ke5 Nxg5 58. Bxa6 Kd7 59. Bc4 Kc7 60. b4 Nf3+ 61. Kd5 h5 62. Be2 Ne1 63. Bxh5 Nc2 64. Kc5 Kb7 65. b5 Ka7 66. Bf3 Na3 67. Be4 Kb8 68. Kb4 Nxb5 69. Kxb5 Ka7 70. a6 Kb8 71. Kb6 Kc8 72. a7 Kd7 73. a8=Q Kd6 74. Qd5+ Ke7 75. Qc6 Kf7 76. Qd6 Kg7 77. Qg6+ Kf8 78. Qh7 Ke8 79. Bf5 Kd8 80. Qd7# 1-0


[Site "https://www.chess.com"]

[Event "Titled Tuesday Blitz March 29 Late 2022"]
[White "Ardila, Oscar Humberto"]
[Black "Jarocka, Liwia"]
[WhiteFideId "4404742"]
[BlackFideId "21807558"]
[WhiteElo "1966"]
[BlackElo "1896"]
[Result "1-0"]
[Round "04"]
[TimeControl "180+1"]
[Date "2022.03.30"]
[WhiteClock "0:00:08"]
[BlackClock "0:00:26"]

1. d4 c5 2. d5 d6 3. c4 Nf6 4. Nc3 g6 5. Nf3 Bg7 6. h3 e6 7. e4 exd5 8. cxd5 O-O 9. Bd3 a6 10. a4 Re8 11. O-O Nbd7 12. Bf4 Ne5 13. Nxe5 dxe5 14. Be3 Nd7 15. a5 b5 16. axb6 Qxb6 17. Na4 Qb4 18. Qc2 Rb8 19. Nxc5 Qxb2 20. Nxa6 Qxc2 21. Bxc2 Rb2 22. Bd3 f5 23. f3 Rb3 24. Rfd1 Nf6 25. Nc5 Rc3 26. Na4 Rb3 27. Bg5 Nh5 28. Nc5 Rc3 29. Rac1 Rxc1 30. Rxc1 Nf4 31. Bc4 Kh8 32. d6 h6 33. Bxf4 exf4 34. d7 Bxd7 35. Nxd7 Rd8 36. Be6 fxe4 37. fxe4 Re8 38. Bd5 Re7 39. Nc5 Bd4+ 40. Kf1 Be3 41. Rc4 Ra7 42. Ke2 Ra2+ 43. Kd3 Rd2+ 44. Kc3 Rxg2 45. Ne6 Rg1 46. Rc8+ Kh7 47. Rc7+ Kh8 48. Kd3 Rd1+ 49. Ke2 Rd2+ 50. Kf3 h5 51. Rc8+ Kh7 52. Rc7+ Kh8 53. Nxf4 Bxf4 54. Kxf4 Rg2 55. h4 Rg4+ 56. Ke5 Rxh4 57. Kf6 1-0


[Site "https://www.chess.com"]

[Event "Titled Tuesday Blitz March 29 Late 2022"]
[White "Babazada, Khazar"]
[Black "Karttunen, Mika"]
[WhiteFideId "13413554"]
[BlackFideId "502081"]
[WhiteElo "2418"]
[BlackElo "2343"]
[Result "1-0"]
[Round "04"]
[TimeControl "180+1"]
[Date "2022.03.29"]
[WhiteClock "0:01:43"]
[BlackClock "0:00:29"]

1. Nf3 Nf6 2. b3 d5 3. Bb2 e6 4. g3 Be7 5. Bg2 O-O 6. O-O c5 7. d3 Nc6 8. Nbd2 d4 9. e4 e5 10. Nc4 Nd7 11. a4 b6 12. Bh3 Qc7 13. c3 Nf6 14. Bxc8 Raxc8 15. cxd4 cxd4 16. Rc1 Qb8 17. Nh4 Rfe8 18. Nf5 Bf8 19. f4 g6 20. fxe5 gxf5 21. exf6 fxe4 22. Qg4+ Kh8 23. Ba3 Bh6 24. Nd6 Ne5 25. Qxc8 Qxc8 26. Rxc8 Rxc8 27. Nxc8 Nxd3 28. Nd6 e3 29. Nxf7+ Kg8 30. Nxh6+ Kh8 31. Bf8 1-0


[Site "https://www.chess.com"]

[Event "Titled Tuesday Blitz March 29 Late 2022"]
[White "Bachmann, Axel"]
[Black "Fernandez Siles, Luis"]
[WhiteFideId "3700488"]
[BlackFideId "2209420"]
[WhiteElo "2587"]
[BlackElo "2212"]
[Result "0-1"]
[Round "04"]
[TimeControl "180+1"]
[Date "2022.03.30"]
[WhiteClock "0:00:15"]
[BlackClock "0:00:30"]

1. d4 Nf6 2. g3 g6 3. Bg2 d5 4. c4 Bg7 5. cxd5 Nxd5 6. e4 Nb6 7. Ne2 O-O 8. O-O e5 9. d5 c6 10. Nec3 cxd5 11. exd5 Na6 12. b3 Bf5 13. Bb2 Rc8 14. Na3 Nb4 15. g4 Nd3 16. gxf5 Nxb2 17. Qd2 gxf5 18. Qxb2 e4 19. Rac1 Qf6 20. Rfd1 Rxc3 21. Rxc3 Qxc3 22. Qxc3 Bxc3 23. Bh3 Rd8 24. Bxf5 Rxd5 25. Rxd5 Nxd5 26. Bxe4 Nb4 27. Nb5 Be5 28. Bxb7 Nxa2 29. Nxa7 Kf8 30. Nc6 Bc7 31. b4 Ke8 32. Bc8 Nc3 33. Kg2 Nd5 34. b5 Ne7 35. Na7 Bb6 36. Nc6 Nxc8 37. Kf3 Nd6 38. Kf4 Nxb5 39. Kf5 Bd4 40. f3 Kf8 41. h3 Bg7 42. h4 Nd4+ 43. Nxd4 Bxd4 44. f4 Kg7 45. Kg5 Bf6+ 46. Kh5 Bd4 47. Kg5 Be3 48. h5 h6+ 49. Kf5 Bd2 50. Ke5 Bc3+ 51. Kf5 Bb2 52. Kg4 Kf6 53. Kf3 Kf5 54. Kg3 Bc1 55. Kf3 Bxf4 56. Kg2 Kg5 57. Kh3 Be3 58. Kg3 Kxh5 59. Kf3 Bg5 60. Kg3 Kg6 61. Kh3 f5 62. Kg3 f4+ 63. Kg4 Kf6 64. Kf3 Ke5 65. Kg4 Ke4 66. Kh3 Bf6 67. Kg2 Bd4 68. Kf1 f3 69. Ke1 Ke3 70. Kf1 f2 71. Kg2 Ke2 72. Kg3 f1=Q 0-1


[Site "https://www.chess.com"]

[Event "Titled Tuesday Blitz March 29 Late 2022"]
[White "Badelka, Olga"]
[Black "Goryachkina, Aleksandra"]
[WhiteFideId "13509926"]
[BlackFideId "4147103"]
[WhiteElo "2165"]
[BlackElo "2426"]
[Result "0-1"]
[Round "04"]
[TimeControl "180+1"]
[Date "2022.03.30"]
[WhiteClock "0:00:01"]
[BlackClock "0:00:04"]

1. c4 Nf6 2. Nc3 c5 3. Nf3 Nc6 4. d4 cxd4 5. Nxd4 e6 6. a3 Bc5 7. Nb3 Bb6 8. c5 Bc7 9. g3 O-O 10. Bg2 b6 11. O-O Ba6 12. Bf4 Bxf4 13. gxf4 Rc8 14. Rc1 Nh5 15. Qd6 Qh4 16. f5 Nf4 17. Bf3 exf5 18. Kh1 Bc4 19. Nd2 Be6 20. cxb6 axb6 21. e3 Ng6 22. Bg2 f4 23. Nce4 Nce5 24. Qxb6 Rxc1 25. Rxc1 d5 26. Nc5 Ng4 27. h3 Nxf2+ 28. Kg1 Nxh3+ 29. Bxh3 Qg3+ 30. Bg2 Bh3 31. Kf1 Bxg2+ 32. Ke2 Qxe3+ 33. Kd1 f3 34. Nd7 Qxb6 35. Nxb6 Re8 36. Kc2 f2 37. a4 Nf4 38. Nf1 Re1 39. Ng3 Rxc1+ 40. Kxc1 f1=Q+ 41. Nxf1 Bxf1 42. a5 h5 43. b4 h4 0-1


[Site "https://www.chess.com"]

[Event "Titled Tuesday Blitz March 29 Late 2022"]
[White "Batsiashvili, Nino"]
[Black "Le Goff, Ronan"]
[WhiteFideId "13602993"]
[BlackFideId "612073"]
[WhiteElo "2192"]
[BlackElo "2276"]
[Result "0-1"]
[Round "04"]
[TimeControl "180+1"]
[Date "2022.03.30"]
[WhiteClock "0:00:09"]
[BlackClock "0:00:09"]

1. d4 Nf6 2. c4 e6 3. Nc3 d5 4. Nf3 Be7 5. Bf4 O-O 6. e3 a6 7. Rc1 c6 8. c5 Nbd7 9. Bd3 Re8 10. O-O Nf8 11. h3 Ng6 12. Bh2 Bd7 13. b4 b5 14. Ne5 Qc8 15. f4 Bd8 16. g4 a5 17. a3 axb4 18. axb4 Rf8 19. g5 Ne8 20. Qg4 f5 21. gxf6 Nxf6 22. Qe2 Be8 23. Kh1 Ra7 24. Rg1 Ne7 25. e4 dxe4 26. Nxe4 Nxe4 27. Qxe4 Nf5 28. Rg4 Bf6 29. Rcg1 Ra3 30. Bg3 Bxe5 31. fxe5 Bg6 32. Bf2 Ng3+ 33. Bxg3 Bxe4+ 34. Bxe4 g6 35. Bh4 Rxh3+ 36. Kg2 Rxh4 37. Rxh4 Qd8 38. Rgh1 Qxd4 39. Bf3 Qd2+ 40. Kg3 Qe3 41. Rf1 Qxe5+ 42. Kg2 Qb2+ 43. Rf2 Qf6 44. Rg4 Kg7 45. Rg3 Qd4 46. Rg4 Rf4 47. Rxf4 Qxf4 48. Bxc6 Qxb4 49. Rc2 Qb3 50. Be4 Qe3 51. Bf3 Qg5+ 52. Kf2 Qh4+ 53. Kg2 Qg5+ 54. Kf2 Qf5 55. Re2 Qxc5+ 56. Kg2 Qg5+ 57. Kf2 e5 58. Rc2 Qf4 59. Rc7+ Kh6 60. Ke2 e4 61. Bxe4 Qxc7 62. Kd2 Qd6+ 63. Bd3 b4 0-1


[Site "https://www.chess.com"]

[Event "Titled Tuesday Blitz March 29 Late 2022"]
[White "Belous, Vladimir"]
[Black "Ezat, Mohamed"]
[WhiteFideId "4174003"]
[BlackFideId "10600906"]
[WhiteElo "2534"]
[BlackElo "2386"]
[Result "1-0"]
[Round "04"]
[TimeControl "180+1"]
[Date "2022.03.29"]
[WhiteClock "0:00:52"]
[BlackClock "0:01:31"]

1. Nf3 Nf6 2. c4 g6 3. Nc3 Bg7 4. e4 O-O 5. d4 d6 6. h3 e5 7. d5 Na6 8. Bg5 Nc5 9. b4 Ncd7 10. Be2 h6 11. Be3 a5 12. a3 Nh5 13. g3 f5 14. exf5 gxf5 15. Nd2 f4 16. Bxh5 fxe3 17. fxe3 Qg5 18. Nde4 Qxe3+ 19. Qe2 Qxe2+ 20. Kxe2 Nf6 21. Nxf6+ Rxf6 22. Ne4 Rf8 23. Bg4 Bxg4+ 24. hxg4 Kf7 25. c5 dxc5 26. bxc5 Kg6 27. Rab1 Rab8 28. Rb5 Rfd8 29. Rd1 a4 30. Rb4 b5 31. d6 cxd6 32. cxd6 Bf8 33. Rd5 Kf7 34. g5 Ke6 35. Rdxb5 Rxb5 36. Rxb5 hxg5 37. Nxg5+ Kf5 38. Nf7 Ra8 39. d7 Be7 40. Rxe5+ Kf6 41. Rxe7 Kxe7 42. d8=Q+ Rxd8 43. Nxd8 Kxd8 44. Kd3 Ke7 45. Kc4 Kf6 46. Kb4 Kg5 47. Kxa4 Kg4 48. Kb5 Kxg3 49. a4 Kf4 50. Kc6 Ke5 51. a5 Ke6 52. a6 Ke7 53. a7 Kd8 54. a8=Q+ 1-0


[Site "https://www.chess.com"]

[Event "Titled Tuesday Blitz March 29 Late 2022"]
[White "Bibasa, Bob"]
[Black "Ilyasli, Ughur"]
[WhiteFideId "10000240"]
[BlackFideId "13416197"]
[WhiteElo "2056"]
[BlackElo "2045"]
[Result "1-0"]
[Round "04"]
[TimeControl "180+1"]
[Date "2022.03.30"]
[WhiteClock "0:00:46"]
[BlackClock "0:00:07"]

1. e4 c5 2. Nf3 d6 3. d4 cxd4 4. Nxd4 Nf6 5. f3 e5 6. Nb3 Nc6 7. c4 Be6 8. Nc3 Be7 9. Be3 a5 10. Be2 a4 11. Nc1 a3 12. b3 Qa5 13. Qd2 O-O 14. O-O Nd7 15. Rb1 f5 16. Nd3 f4 17. Bf2 Nd4 18. b4 Nxe2+ 19. Nxe2 Qc7 20. Rfc1 Rfc8 21. Nc3 Bxc4 22. Nd5 Qd8 23. Nxe7+ Qxe7 24. Rc3 b5 25. Rbc1 Qd8 26. Ne1 Nb6 27. Nc2 Bxa2 28. Nxa3 Rxc3 29. Rxc3 Bc4 30. Nxc4 Nxc4 31. Qd5+ Kf8 32. h3 Ra1+ 33. Kh2 Ra2 34. Qxb5 Nd2 35. Qe2 Qg5 36. Rd3 Nxf3+ 37. Qxf3 Qg6 38. Rxd6 Qxd6 39. Bc5 Qxc5 40. bxc5 Rc2 41. Qd3 Rc1 42. Qd6+ Kf7 43. c6 f3 44. gxf3 Rc2+ 45. Kg3 g5 46. c7 h5 47. Qd7+ Kf6 48. Qf5+ Kg7 49. Qxg5+ Kf7 50. Qf5+ Kg7 51. c8=Q Kh6 52. Qh8# 1-0


[Site "https://www.chess.com"]

[Event "Titled Tuesday Blitz March 29 Late 2022"]
[White "Bogumil, Tatiana"]
[Black "Jensen, Matthew R"]
[WhiteFideId "4110579"]
[BlackFideId "2018110"]
[WhiteElo "1761"]
[BlackElo "2294"]
[Result "1-0"]
[Round "04"]
[TimeControl "180+1"]
[Date "2022.03.30"]
[WhiteClock "0:00:45"]
[BlackClock "0:00:19"]

1. Nf3 d5 2. c4 c6 3. b3 Nf6 4. Bb2 Bf5 5. g3 e6 6. Bg2 Nbd7 7. O-O Be7 8. d3 O-O 9. Nbd2 Bg6 10. Re1 Qc7 11. a3 a5 12. Nh4 Rfe8 13. Nxg6 hxg6 14. Qc2 Bc5 15. d4 Bd6 16. e4 dxe4 17. Nxe4 Nxe4 18. Qxe4 Nf6 19. Qc2 c5 20. d5 exd5 21. cxd5 b5 22. h3 a4 23. Rad1 axb3 24. Qxb3 c4 25. Rxe8+ Nxe8 26. Qxb5 Rb8 27. Qa4 c3 28. Bc1 c2 29. Rd2 Nf6 30. Rxc2 Qe7 31. Kh2 Nh5 32. Qa6 Qe5 33. Qd3 Rb1 34. Rc8+ Kh7 35. Qxb1 Nxg3 36. f4 Qc3 37. Rxc3 1-0


[Site "https://www.chess.com"]

[Event "Titled Tuesday Blitz March 29 Late 2022"]
[White "Bortnyk, Olexandr"]
[Black "Rastbod, Ali"]
[WhiteFideId "14120828"]
[BlackFideId "12567477"]
[WhiteElo "2723"]
[BlackElo "2200"]
[Result "1-0"]
[Round "04"]
[TimeControl "180+1"]
[Date "2022.03.29"]
[WhiteClock "0:00:06"]
[BlackClock "0:00:56"]

1. d4 Nf6 2. Nc3 d5 3. Bf4 e6 4. Nb5 Na6 5. e3 c6 6. Nc3 Bb4 7. Bxa6 bxa6 8. Ne2 O-O 9. O-O c5 10. a3 Bxc3 11. Nxc3 cxd4 12. exd4 Bd7 13. Re1 Qb6 14. Rb1 Rac8 15. Be5 a5 16. Bxf6 gxf6 17. Qg4+ Kh8 18. Qh4 Rg8 19. Qxf6+ Rg7 20. Re3 Rg8 21. Rg3 Qd8 22. Qxd8 Rxd8 23. Rxg7 Kxg7 24. Nd1 Rc8 25. Ne3 a4 26. f4 h5 27. Kf2 f6 28. g3 f5 29. Ke2 Bb5+ 30. Kd2 Kf6 31. b3 Rc6 32. Rg1 Rc8 33. b4 Rh8 34. Ng2 a6 35. Nh4 Rh7 36. Re1 Bd7 37. Nf3 Rh8 38. Re3 Bb5 39. Rc3 Bc4 40. Ne5 Rc8 41. Nxc4 dxc4 42. Re3 h4 43. Kc3 hxg3 44. hxg3 Rc7 45. Re1 Rc8 46. Rg1 Ke7 47. g4 fxg4 48. Rxg4 Kd6 49. Rg5 Rf8 50. Ra5 Rxf4 51. Kxc4 Rf2 52. Rxa6+ Kd7 53. c3 Rf4 54. Rxa4 e5 55. Kd5 e4 56. Ra7+ Kd8 57. Ra6 e3 58. Re6 Rf5+ 59. Kc4 Rf3 60. a4 Kd7 61. Re5 Kd6 62. a5 1-0


[Site "https://www.chess.com"]

[Event "Titled Tuesday Blitz March 29 Late 2022"]
[White "Boyer, Mahel"]
[Black "Adewumi, Tanitoluwa"]
[WhiteFideId "45102422"]
[BlackFideId "30966396"]
[WhiteElo "2328"]
[BlackElo "2571"]
[Result "1-0"]
[Round "04"]
[TimeControl "180+1"]
[Date "2022.03.29"]
[WhiteClock "0:01:37"]
[BlackClock "0:00:05"]

1. e4 c5 2. d3 Nc6 3. g3 g6 4. Bg2 Bg7 5. f4 d6 6. Nf3 e6 7. O-O Nge7 8. c3 O-O 9. Be3 b6 10. d4 Ba6 11. Re1 Rc8 12. Bf2 cxd4 13. cxd4 Nb4 14. Qa4 Nc2 15. Qxa6 Nxa1 16. Rd1 Qd7 17. Nc3 Nc2 18. a3 d5 19. e5 Qc6 20. Rc1 Nxa3 21. Qxa3 Nf5 22. g4 Nh6 23. h3 Rfd8 24. Qxa7 Ra8 25. Qe7 Bf8 26. Qh4 f6 27. exf6 Nf7 28. Bf1 Qd6 29. Ne5 Nxe5 30. fxe5 Qd7 31. Bb5 Qf7 32. Be3 Rac8 33. Rf1 Rc7 34. Qg3 Rdc8 35. h4 Bb4 36. Ne2 Rc2 37. Bc1 Bd2 38. Bxd2 Rxd2 39. Qa3 Rcc2 40. Qa8+ Qf8 41. f7+ Kg7 42. Qxf8+ Kxf8 43. Nf4 Kxf7 44. Nxd5+ Kg7 45. Nf4 h6 46. Nxe6+ Kg8 47. Nf4 g5 48. hxg5 hxg5 49. Ne2 Rxe2 50. Bxe2 Rxe2 51. Rf5 Rxb2 52. Rxg5+ Kf7 53. d5 Rd2 54. e6+ Ke7 55. Rg7+ Kf6 56. Rd7 b5 57. e7 Kf7 58. d6 Re2 59. Rd8 b4 60. Rf8+ Kg7 61. e8=Q Re7 62. Qxe7+ 1-0


[Site "https://www.chess.com"]

[Event "Titled Tuesday Blitz March 29 Late 2022"]
[White "Cardoso Cardoso, Jose Gabriel"]
[Black "Mortazavi, Ali"]
[WhiteFideId "4430492"]
[BlackFideId "401323"]
[WhiteElo "2451"]
[BlackElo "2339"]
[Result "1-0"]
[Round "04"]
[TimeControl "180+1"]
[Date "2022.03.29"]
[WhiteClock "0:00:13"]
[BlackClock "0:00:11"]

1. Nf3 Nf6 2. c4 g6 3. Nc3 Bg7 4. e4 O-O 5. d4 d6 6. h3 e5 7. d5 Nh5 8. g3 Na6 9. a3 f5 10. exf5 gxf5 11. Nh4 Nf6 12. Qc2 e4 13. Be3 Bd7 14. Be2 Nc5 15. Rd1 a5 16. b3 Kh8 17. Ng2 Qe8 18. Nf4 Qf7 19. O-O Rg8 20. Kh2 Rae8 21. b4 axb4 22. axb4 Na6 23. Qb3 h5 24. c5 Kh7 25. c6 Bc8 26. Ra1 h4 27. cxb7 Bxb7 28. Bxa6 hxg3+ 29. fxg3 Bxa6 30. Rxa6 Nd7 31. Ne6 Ne5 32. Ng5+ Kg6 33. Nxf7 Kxf7 34. Rxf5+ Kg6 35. Rg5+ Kh7 36. Kg2 Nf3 37. Rg4 Rgf8 38. Nxe4 Ne1+ 39. Kg1 Nf3+ 40. Kh1 Ne1 41. Ng5+ Kg8 42. Ne6 Rf1+ 43. Bg1 Rxe6 44. dxe6 Nf3 45. e7+ Kh7 46. Qxf3 Rxf3 47. e8=Q 1-0


[Site "https://www.chess.com"]

[Event "Titled Tuesday Blitz March 29 Late 2022"]
[White "Caruana, Fabiano"]
[Black "Yuan, Qingyu"]
[WhiteFideId "2020009"]
[BlackFideId "8609772"]
[WhiteElo "2744"]
[BlackElo "2359"]
[Result "1-0"]
[Round "04"]
[TimeControl "180+1"]
[Date "2022.03.29"]
[WhiteClock "0:00:47"]
[BlackClock "0:00:15"]

1. d4 d5 2. Bf4 Nf6 3. e3 e6 4. Nf3 Bd6 5. Ne5 O-O 6. Nd2 c5 7. c3 Qc7 8. Bd3 Nc6 9. Ndf3 Ne4 10. Bg3 cxd4 11. exd4 f6 12. Nxc6 bxc6 13. Qe2 Rb8 14. Bxd6 Nxd6 15. O-O c5 16. b3 Bd7 17. Rac1 g6 18. c4 dxc4 19. bxc4 Kg7 20. Rfd1 Rfc8 21. h3 Rb6 22. Qe3 cxd4 23. Nxd4 e5 24. c5 exd4 25. Qe7+ Nf7 26. cxb6 Qxc1 27. Rxc1 Rxc1+ 28. Kh2 Bc6 29. b7 Re1 30. Qxe1 1-0


[Site "https://www.chess.com"]

[Event "Titled Tuesday Blitz March 29 Late 2022"]
[White "Cervantes Landeiro, Thalia"]
[Black "Meza, Anahi"]
[WhiteFideId "3520498"]
[BlackFideId "111325"]
[WhiteElo "2021"]
[BlackElo "1968"]
[Result "1-0"]
[Round "04"]
[TimeControl "180+1"]
[Date "2022.03.30"]
[WhiteClock "0:00:15"]
[BlackClock "0:00:13"]

1. d4 Nf6 2. c4 g6 3. Nc3 Bg7 4. e4 O-O 5. f4 d6 6. Nf3 c5 7. d5 Bg4 8. Be2 e6 9. dxe6 Bxe6 10. O-O Re8 11. Bd3 Bg4 12. h3 Bxf3 13. Qxf3 Nc6 14. Be3 Nd7 15. Rad1 a6 16. Qf2 Rb8 17. Nd5 b5 18. e5 dxe5 19. f5 e4 20. Be2 Nce5 21. f6 Bf8 22. Qh4 Re6 23. Bh6 bxc4 24. Bxf8 Qxf8 25. Bg4 Nxg4 26. Ne7+ Kh8 27. Rxd7 Ne3 28. Nxg6+ Kg8 29. Nxf8 Nxf1 30. Nxe6 1-0


[Site "https://www.chess.com"]

[Event "Titled Tuesday Blitz March 29 Late 2022"]
[White "Chabris, Christopher"]
[Black "Eames, Robert S"]
[WhiteFideId "2005263"]
[BlackFideId "408743"]
[WhiteElo "2300"]
[BlackElo "2105"]
[Result "0-1"]
[Round "04"]
[TimeControl "180+1"]
[Date "2022.03.30"]
[WhiteClock "0:00:10"]
[BlackClock "0:01:29"]

1. e4 e6 2. d4 d5 3. Nc3 Nf6 4. e5 Nfd7 5. f4 c5 6. Nf3 Nc6 7. Be3 h6 8. Qd2 g5 9. f5 g4 10. fxe6 fxe6 11. Bd3 Rg8 12. O-O gxf3 13. Rxf3 cxd4 14. Bxh6 dxc3 15. Qf4 Ncxe5 16. Re3 Qf6 17. Qxf6 Nxf6 18. Bxf8 Nxd3 0-1


[Site "https://www.chess.com"]

[Event "Titled Tuesday Blitz March 29 Late 2022"]
[White "Curtis, John"]
[Black "Kostiukov, Alexandr"]
[WhiteFideId "3200256"]
[BlackFideId "14108100"]
[WhiteElo "2203"]
[BlackElo "2202"]
[Result "0-1"]
[Round "04"]
[TimeControl "180+1"]
[Date "2022.03.30"]
[WhiteClock "0:00:03"]
[BlackClock "0:00:11"]

1. e4 c5 2. Nf3 g6 3. c3 Bg7 4. d4 cxd4 5. cxd4 d5 6. exd5 Nf6 7. Bb5+ Nbd7 8. O-O O-O 9. Bxd7 Qxd7 10. Ne5 Qd8 11. Nc3 Nxd5 12. Qf3 Nxc3 13. bxc3 Be6 14. Re1 Bd5 15. Qh3 h5 16. c4 Be6 17. Qe3 Rc8 18. d5 Bf5 19. Qxa7 Rxc4 20. Nxc4 Bxa1 21. Qxb7 Bc3 22. Bd2 Bf6 23. Ne3 Bc8 24. Qb3 Qd6 25. Bb4 Qa6 26. d6 exd6 27. Nd5 Be5 28. Ne7+ Kg7 29. Nxc8 Rxc8 30. g3 Qc4 31. Qxc4 Rxc4 32. a3 Rc6 33. Rd1 g5 34. h4 gxh4 35. f4 Bc3 36. gxh4 Bxb4 37. axb4 Rc4 38. Rxd6 Rxf4 39. b5 Rxh4 40. b6 Rb4 41. Kg2 f6 42. Kg3 Kg6 43. Rc6 Kg5 44. Rc5+ f5 45. Rc6 Rb3+ 46. Kg2 h4 47. Kh2 Kg4 48. Rg6+ Kf4 0-1


[Site "https://www.chess.com"]

[Event "Titled Tuesday Blitz March 29 Late 2022"]
[White "De La Colina, Nicolas"]
[Black "Pranav, V"]
[WhiteFideId "30946921"]
[BlackFideId "25060783"]
[WhiteElo "2046"]
[BlackElo "2349"]
[Result "0-1"]
[Round "04"]
[TimeControl "180+1"]
[Date "2022.03.29"]
[WhiteClock "0:00:02"]
[BlackClock "0:00:43"]

1. e4 e5 2. Nf3 Nc6 3. Bc4 Nf6 4. d3 Be7 5. O-O O-O 6. Re1 d6 7. a4 Na5 8. Ba2 c5 9. c3 Nc6 10. Nbd2 Be6 11. Nc4 h6 12. h3 Re8 13. Ne3 Bxa2 14. Rxa2 Bf8 15. Ra1 d5 16. Qc2 d4 17. Nc4 Qd7 18. cxd4 cxd4 19. Bd2 Rac8 20. Rec1 Qe6 21. Qb3 Rc7 22. Rc2 Rec8 23. Rac1 Nd7 24. Na5 Qxb3 25. Nxb3 f6 26. Kf1 Kf7 27. Ke2 Ke6 28. Na5 Bd6 29. Nxb7 Rxb7 30. Rxc6 Rxc6 31. Rxc6 Rxb2 32. Ra6 Rb7 33. Rc6 Nc5 34. Rc8 Nxa4 35. Re8+ Kf7 36. Rd8 Be7 37. Rc8 Rb2 38. Ke1 Nc3 39. Bxc3 dxc3 40. Kf1 c2 41. Ke2 c1=Q+ 0-1


[Site "https://www.chess.com"]